 Dungeon Crawl Stone Soup version 0.28-b1-25-g9875b3fc8c (webtiles) character file.

Game seed: 5041171936600362377

27 tizbic2 the Ducker (level 2, 0/22 HPs)
             Began as a Demonspawn Gladiator on Feb 2, 2022.
             Slain by an orc priest (3 damage)
             ... on level 2 of the Dungeon.
             The game lasted 00:02:54 (664 turns).

tizbic2 the Ducker (Demonspawn Gladiator)            Turns: 664, Time: 00:02:55

Health: 0/22       AC:  4    Str: 14    XL:     2   Next: 93%
Magic:  2/2        EV: 12    Int:  9    God:
Gold:   34         SH:  0    Dex: 14    Spells: 1/1 levels left

rFire   . . .      SeeInvis .   e - +1 short sword (speed)
rCold   . . .      Faith    .   (no shield)
rNeg    . . .      Spirit   .   a - +0 leather armour
rPois   .          Reflect  .   b - +0 helmet
rElec   .          Harm     .   (no cloak)
rCorr   .          Rampage  .   (no gloves)
Will    .....                   (no boots)
Stlth   +.........              (no amulet)
HPRegen 0.07/turn               (no ring)
MPRegen 0.08/turn               (no ring)

@: about to teleport
A: powered by pain 1
a: no special abilities


You were on level 2 of the Dungeon.
You visited 1 branch of the dungeon, and saw 2 of its levels.

You collected 34 gold pieces.

Inventory:

Hand Weapons
 e - a +1 short sword of speed (weapon)
Missiles
 c - 3 throwing nets (quivered)
Armour
 a - a +0 leather armour (worn)
 b - a +0 helmet (worn)


   Skills:
 + Level 2.2 Fighting
 + Level 0.7 Long Blades
 + Level 2.0 Throwing
 * Level 3.1 Dodging
 * Level 3.0 Unarmed Combat


You had one spell level left.
You didn't know any spells.
Your spell library was empty.

Dungeon Overview and Level Annotations

Branches:
Dungeon (2/15)

Altars:


Innate Abilities, Weirdness & Mutations

You sometimes gain a little power by taking damage.


Message History

An orc comes into view.
It is wielding a +0 club and wearing a +0 leather armour of fire resistance.
The orc hits you with a +0 short sword.
You hit the orc priest.
The orc priest is moderately wounded.
The orc priest hits you with a +0 club.
You closely miss the orc priest.
The orc priest is moderately wounded.
The orc barely misses you.
You hit the orc priest.
The orc priest is heavily wounded.
The orc priest barely misses you. The orc barely misses you.
You hit the orc priest but do no damage.
The orc priest is heavily wounded.
The orc priest hits you with a +0 club. The orc barely misses you.
You closely miss the orc priest.
The orc priest is heavily wounded.
The orc priest hits you with a +0 club. The orc barely misses you.
You hit the orc priest but do no damage.
The orc priest is heavily wounded.
You hit the orc priest.
The orc priest is severely wounded.
The orc priest barely misses you. The orc hits you but does no damage.
You completely miss the orc priest.
The orc priest is severely wounded.
The orc priest hits you with a +0 club.
* * * LOW HITPOINT WARNING * * *
The orc closely misses you.
You hit the orc priest.
The orc priest is severely wounded.
You aren't carrying any potions.
As you read the scroll labelled FUTZIA IGODO, it crumbles to dust.
You feel aware of your surroundings.
You sensed 1 altar.
It was a scroll of magic mapping.
The orc priest hits you with a +0 club.
* * * LOW HITPOINT WARNING * * *
The orc completely misses you.
You aren't carrying any potions.
As you read the scroll labelled XOUTYAR SENNENG, it crumbles to dust.
You feel strangely unstable.
It was a scroll of teleportation.
The orc priest hits you with a +0 club.
You die...

#.######..... #.#
###### #.# #.# #.#
#.# #.#######**
######........,*
#@o....#######,*
***#o######,** *,***
*,..o.,,,,,,,****,**,
#.##.##****,***,*,*,*
#,*#.# *,**,,**,,.
*,*#.# *,*,,**,*B#
*,*#.#*****,,>**,*.#*
*,*#..,,,,,,,**,*.#*,
*,*******,*,**,*.#*,*


You could see an orc priest and 2 orcs.

Vanquished Creatures
  A gnoll (D:2)
  A dart slug (D:1)
  2 endoplasms
  A goblin (D:2)
  2 hobgoblins (D:1)
  2 quokkas (D:1)
  2 ball pythons (D:1)
  2 bats (D:1)
  A frilled lizard (D:1)
  A rat (D:1)
15 creatures vanquished.

Notes
Turn   | Place    | Note
-------+----------+-------------------------------------------
     0 | D:1      | tizbic2 the Demonspawn Gladiator began the quest for the
                  | Orb.
     0 | D:1      | Reached XP level 1. HP: 16/16 MP: 1/1
   244 | D:1      | Gained mutation: You sometimes gain a little power by
                  | taking damage. [demonic ancestry]
   244 | D:1      | Reached XP level 2. HP: 9/22 MP: 2/2
   664 | D:2      | Slain by an orc priest

Illustrated notes

Levels and vault maps discovered:
D:1:      lemuel_arrival_funnel, layout_rooms, serial_glass, glass_columns_a,
          glass_columns_a, dilly_ecumenical_altar_fadedgnrine,
          minmay_tetromino_o2
D:2:      minmay_inner_zag, layout_loops_ring, basic_altar

Skill      XL: |  1  2 |
---------------+-------+-----
Throwing       | 2 |  2.0
Dodging        | 3 |  3.1
Unarmed Combat | 3 |  3.0
Fighting       | |  2.2
Long Blades    | |  0.7

Action                   || total
-------------------------++-------
Melee: Unarmed           ||    14
       Short sword       ||    46
  Use: Scroll            ||     2
Armor: Leather armour    ||     9
Dodge: Dodged            ||    40
